 Dungeon Crawl Stone Soup version 0.27.1-3-gb3d3a73c9e (webtiles) character file.

Game seed: 16412697438856851731

1710 horus123 the Thaumaturge (level 8, -2/66 HPs)
             Began as a Deep Elf Necromancer on Oct 29, 2021.
             Was an Initiate of Vehumet.
             Slain by a kobold demonologist (3 damage)
             ... on level 7 of the Dungeon.
             The game lasted 00:24:53 (8744 turns).

horus123 the Thaumaturge (Deep Elf Necromancer)     Turns: 8744, Time: 00:24:54

Health: -2/66      AC:  5    Str:  5    XL:     8   Next: 74%
Magic:  9/23       EV: 15    Int: 23    God:    Vehumet [......]
Gold:   243        SH:  0    Dex: 21    Spells: 6/25 levels left

rFire    . . .     SeeInvis .   d - +2 short sword (holy)
rCold    . . .     Faith    .   (no shield)
rNeg     . . .     Spirit   .   a - +0 robe
rPois    .         Reflect  .   j - +0 helmet
rElec    .         Harm     .   (no cloak)
rCorr    .         Rampage  .   e - +0 pair of gloves
Will     .....                  m - +0 pair of boots
Stlth    ..........             g - amulet of the acrobat
HPRegen  0.21/turn              f - +6 ring of dexterity
MPRegen  0.18/turn              (no ring)

@: berserking, lethally poisoned (-2 -> -4), weakened, very quick
A: no striking features
a: Renounce Religion


You were on level 7 of the Dungeon.
You worshipped Vehumet.
Vehumet was noncommittal.
You visited 2 branches of the dungeon, and saw 8 of its levels.

You collected 243 gold pieces.

Inventory:

Hand Weapons
 d - a +2 short sword of holy wrath (weapon)
 i - a +1 dagger of freezing
Missiles
 b - 228 stones
Armour
 a - a +0 robe (worn)
 e - a +0 pair of gloves (worn)
 j - a +0 helmet (worn)
 m - a +0 pair of boots (worn)
Magical Staves
 r - a staff of air
Jewellery
 f - a +6 ring of dexterity (left hand)
 g - an amulet of the acrobat (around neck)
Wands
 c - a wand of flame (20)
 l - a wand of iceblast (13)
 y - a wand of acid (5)
Scrolls
 h - 3 scrolls of fear
 n - a scroll of magic mapping
 s - 3 scrolls of identify
 v - a scroll of torment
Potions
 k - a potion of degeneration
 o - a potion of resistance
 p - a potion of haste
 w - a potion of brilliance {unknown}
 x - a potion of magic {unknown}


   Skills:
 + Level 2.1 Fighting
 + Level 1.2 Short Blades
 * Level 5.4 Dodging
 + Level 3.1 Stealth
 + Level 9.2 Spellcasting
 + Level 0.7 Conjurations
 + Level 9.1 Necromancy
 * Level 1.4 Air Magic
 * Level 2.1 Evocations


You had 6 spell levels left.
You knew the following spells:

 Your Spells              Type           Power      Damage    Failure   Level
a - Pain                  Necr           100%       1d9       1%          1
b - Animate Skeleton      Necr           100%       N/A       1%          1
c - Vampiric Draining     Necr           25%        2d9       1%          3
d - Animate Dead          Necr           25%        N/A       1%          4
e - Agony                 Necr           51%        N/A       4%          5
f - Shock                 Conj/Air       60%        1d6       4%          1
g - Airstrike             Air            8%         N/A       34%         4

Your spell library contained the following spells:

 Spells                   Type           Power      Damage    Failure   Level
 Beastly Appendage        Tmut           20%        N/A       6%          1
 Ensorcelled Hibernation  Hex/Ice        20%        N/A       10%         2
 Slow                     Hex            10%        N/A       10%         2
 Wereblood                Tmut           10%        N/A       10%         2
 Swiftness                Air            17%        N/A       11%         3
 Confusing Touch          Hex            10%        N/A       19%         3
 Spider Form              Tmut/Pois      5%         N/A       19%         3
 Shadow Creatures         Summ           N/A        N/A       100%        6


Dungeon Overview and Level Annotations

Branches:
Dungeon (7/15)             Temple (1/1) D:6

Altars:
Ashenzari
Cheibriados
Dithmenos
Elyvilon
Fedhas
Gozag
Hepliaklqana
Nemelex Xobeh
Okawaru
Qazlal
Sif Muna
Trog
Uskayaw
Vehumet
Wu Jian
Xom
Zin
The Shining One

Shops:
D:2 *

Annotations:
D:6 2 transporters, Urokeeper's ghost, novice MfGl


Message History

You feel sick.
You barely miss the orange demon.
The orange demon is moderately wounded.
You feel sick. The orange demon closely misses you.
The orange demon hits you but does no damage.
You barely miss the orange demon.
The orange demon is lightly wounded.
You feel sick.
The kobold demonologist casts a spell.
The orange demon stings you.
* * * LOW HITPOINT WARNING * * *
The orange demon hits you but does no damage.
You puncture the orange demon!
The orange demon convulses!
The orange demon is severely wounded.
You feel sick. The orange demon closely misses you. The orange demon hits you.
* * * LOW HITPOINT WARNING * * *
You feel your attacks grow feeble.
You puncture the orange demon!
The orange demon convulses!
You kill the orange demon!
You feel sick.
The kobold demonologist gestures wildly while chanting.
You feel sick. The kobold demonologist misses you.
The red devil hits you from afar with a +0 trident!
* * * LOW HITPOINT WARNING * * *
Things that are here:
a +0 dagger; a +0 robe You barely miss the kobold demonologist.
The kobold demonologist is moderately wounded.
* * * LOW HITPOINT WARNING * * *
You feel sick.
The kobold demonologist hits you but does no damage.
You hit the kobold demonologist.
The kobold demonologist is heavily wounded.
The red devil closely misses you.
You hit the kobold demonologist.
The kobold demonologist is heavily wounded.
* * * LOW HITPOINT WARNING * * *
You feel sick.
The kobold demonologist hits you with a +0 dagger.
You die...

##.....## #.###.###.#
##...## #.<.......#
######+## #####.#####
...# #.# #.# ##.# #.#
.# ##.###.########
##.##.........#
.#.#.....####.#####K#
#..##...##......@K4K#
#..###.###.##.#######
#..........##.#
(..###........# ####
##########


You could see 2 kobold demonologists, a red devil (summoned) and a kobold.

Vanquished Creatures
  A kobold demonologist (D:7)
  A steam dragon (D:7)
  2 orc warriors
  A necrophage (D:7)
  An ogre (D:5)
  A kobold brigand (D:6)
  A howler monkey (D:6)
  A centaur zombie (D:6)
  2 orc priests
  5 hounds
  3 iguanas (D:6)
  A jelly (D:6)
  An iron imp (D:4)
  Jessica (D:3)
  3 orc wizards
  A hound skeleton (D:5)
  A mummy (D:5)
  10 gnolls
  8 adders
  2 howler monkey skeletons
  A white imp (D:6)
  2 dart slugs
  17 orcs
  4 endoplasms
  2 giant cockroaches (D:3)
  4 goblins
  2 hobgoblins
  5 quokkas
  4 bats
  3 frilled lizards
  2 hobgoblin zombies (D:5)
  15 kobolds
  A kobold zombie (D:5)
  An orc zombie (D:5)
110 creatures vanquished.

Vanquished Creatures (collateral kills)
  3 orc wizards (D:5)
3 creatures vanquished.

Vanquished Creatures (others)
  9 toadstools (D:4)
9 creatures vanquished.

Grand Total: 122 creatures vanquished

Notes
Turn   | Place    | Note
-------+----------+-------------------------------------------
     0 | D:1      | horus123 the Deep Elf Necromancer began the quest for the
                  | Orb.
     0 | D:1      | Reached XP level 1. HP: 10/10 MP: 6/6
    73 | D:1      | Learned a level 1 spell: Animate Skeleton
   343 | D:1      | Reached skill level 5 in Necromancy
   502 | D:1      | Reached XP level 2. HP: 12/15 MP: 4/8
  1137 | D:2      | Found Juge's Assorted Antiques.
  1676 | D:2      | Reached XP level 3. HP: 17/19 MP: 8/10
  1760 | D:2      | Learned a level 3 spell: Vampiric Draining
  2514 | D:3      | Noticed Jessica
  2519 | D:3      | Killed Jessica
  2520 | D:3      | Reached XP level 4. HP: 22/24 MP: 9/12
  3145 | D:4      | Reached skill level 5 in Spellcasting
  3145 | D:4      | Reached XP level 5. HP: 26/28 MP: 10/14
  3370 | D:4      | Found a snail-covered altar of Cheibriados.
  3613 | D:4      | Reached XP level 6. HP: 9/33 MP: 0/17
  3981 | D:4      | Reached skill level 1 in Fighting
  4098 | D:4      | Found an iron altar of Okawaru.
  4276 | D:5      | Entered Level 5 of the Dungeon
  4603 | D:5      | Learned a level 4 spell: Animate Dead
  4615 | D:5      | Reached XP level 7. HP: 26/38 MP: 3/19
  4625 | D:5      | HP: 1/38 [orc wizard (2)]
  5026 | D:5      | Learned a level 5 spell: Agony
  5412 | D:5      | Found an ornate altar of the Wu Jian Council.
  5412 | D:5      | Found a broken altar of Ashenzari.
  5414 | D:5      | Found a shimmering altar of Xom.
  6065 | D:6      | Found a hide-covered altar of Uskayaw.
  6214 | D:6      | Found a staircase to the Ecumenical Temple.
  6277 | Temple   | Entered the Ecumenical Temple
  6776 | Temple   | Became a worshipper of Vehumet
  6939 | D:6      | Noticed a hornet
  6940 | D:6      | Found a transporter.
  6944 | D:6      | Found a transporter.
  6945 | D:6      | Noticed Urokeeper's ghost (novice MfGl)
  7323 | D:6      | Reached XP level 8. HP: 40/44 MP: 9/22
  8229 | D:6      | Found a shadowy altar of Dithmenos.
  8487 | D:7      | Reached skill level 5 in Dodging
  8487 | D:7      | Reached skill level 1 in Evocations
  8496 | D:7      | Learned a level 1 spell: Shock
  8501 | D:7      | Learned a level 4 spell: Airstrike
  8695 | D:7      | Noticed a kobold demonologist
  8695 | D:7      | Noticed a kobold demonologist
  8695 | D:7      | Noticed a kobold demonologist
  8726 | D:7      | Killed a kobold demonologist
  8727 | D:7      | Reached skill level 1 in Short Blades
  8727 | D:7      | Reached skill level 1 in Air Magic
  8727 | D:7      | Noticed an orange demon
  8733 | D:7      | Noticed a red devil
  8741 | D:7      | HP: 3/66 [red devil[a kobold demonologist] (7)]
  8744 | D:7      | HP: 1/66 [poisoned by an orange demon]
  8744 | D:7      | Slain by a kobold demonologist

Illustrated notes

Levels and vault maps discovered:
D:1:      minmay_arrival_shattered_statue, layout_basic
D:2:      layout_rooms, serial_shops, nicolae_square_shop
D:3:      minmay_angry_zag, layout_loops_cross, uniq_jessica
D:4:      cheibrodos_fertilizer, layout_basic, okawaru_metal_pillars_3,
          slow_altar_1, minmay_misc_feat_four_crosses
D:5:      layout_loops_ring, nicolae_overflow_hidden_temple, minmay_mini_ossuary
D:6:      layout_basic, amcnicky_altar_gilded, kennysheep_little_box,
          minmay_temple_entry_crystal_x, gammafunk_ghost_hive
D:7:      layout_loops_corners, mainiacjoe_overflow_concentric_impassable,
          uniq_duvessa
Temple:   minmay_temple_curvy_loop

Skill      XL: |  1  2  3  4  5  6  7  8 |
---------------+-------------------------+-----
Necromancy     | 5 6 7 9 |  9.1
Dodging        | 3 4 5 |  5.4
Spellcasting   | 4 5 6 7 8 9 |  9.2
Fighting       | 1 2 |  2.1
Stealth        | 3 |  3.1
Evocations     | 2 |  2.1
Short Blades   | 1 |  1.2
Air Magic      | 1 |  1.4
Conjurations   | |  0.7

Action                   |  1- 3 |  4- 6 |  7- 9 || total
-------------------------+-------+-------+-------++-------
Melee: Short sword       |    27 |    41 |    61 ||   129
       Dagger            |     4 |       |       ||     4
 Cast: Pain              |    44 |    70 |    62 ||   176
       Vampiric Draining |       |    14 |    16 ||    30
       Shock             |       |       |    15 ||    15
       Agony             |       |       |     5 ||     5
       Animate Dead      |       |       |     1 ||     1
       Animate Skeleton  |       |       |     1 ||     1
Evoke: Wand              |       |       |     3 ||     3
  Use: Scroll            |     3 |     5 |     5 ||    13
       Potion            |       |       |     5 ||     5
 Stab: Sleeping          |       |       |     1 ||     1
Armor: Robe              |    11 |    21 |    22 ||    54
Dodge: Dodged            |    35 |    51 |    74 ||   160
